 Dungeon Crawl Stone Soup version 0.19-a0-611-gb5a7e8d (webtiles) character file.

72 GlassEater the Sneak (level 4, -5/27 HPs)
             Began as a Kobold Assassin on June 12, 2016.
             Slain by Sigmund
             ... wielding a +0 scythe
              (6 damage)
             ... on level 3 of the Dungeon.
             The game lasted 00:04:39 (1871 turns).

GlassEater the Sneak (Kobold Assassin)              Turns: 1871, Time: 00:04:40

Health: -5/27      AC:  5    Str:  9    XL:     4   Next: 48%
Magic:  4/4        EV: 21    Int:  9    God:
Gold:   132        SH:  0    Dex: 23    Spells: 0 memorised, 3 levels left

rFire  . . .     SeeInvis .     b - +0 blowgun
rCold  . . .     Gourm    .     r - +2 robe {MR+}
rNeg   . . .     Faith    .     (shield restricted)
rPois  .         Spirit   .     (no helmet)
rElec  .         Dismiss  .     d - +0 cloak
rCorr  .         Reflect  .     (no gloves)
SustAt .         Harm     .     (no boots)
MR     +....                    q - amulet of magic regeneration
Stlth  +++++.....               (no ring)
                                l - +1 ring of slaying

@: agile, somewhat resistant to hostile enchantments, quite stealthy
A: carnivore 3
a: no special abilities


You were on level 3 of the Dungeon.
You were completely stuffed.

You visited 1 branch of the dungeon, and saw 3 of its levels.

You collected 132 gold pieces.

Inventory:

Hand Weapons
 a - a +4 dagger
 b - a +0 blowgun (weapon)
Missiles
 e - 16 poisoned needles (quivered)
 f - 2 curare-tipped needles
Armour
 d - a +0 cloak (worn)
 r - a +2 robe of magic resistance (worn)
Jewellery
 l - a +1 ring of slaying (left hand)
 q - an amulet of magic regeneration (around neck)
Scrolls
 i - 2 scrolls of identify
Potions
 h - a potion of mutation {unknown}
 j - 2 potions of agility
 m - a potion of lignification {unknown}
 n - a potion of might
 o - a potion of invisibility {unknown}
Comestibles
 g - 2 meat rations
 p - a slice of pizza


   Skills:
 + Level 2.3 Fighting
 + Level 3.2 Short Blades
 + Level 2.1 Throwing
 * Level 2.4 Dodging
 * Level 6.9 Stealth


You had 3 spell levels left.
You didn't know any spells.

Dungeon Overview and Level Annotations

Branches:
Dungeon (3/15)

Altars:
Okawaru
Uskayaw

Annotations:
D:3 Sigmund


Innate Abilities, Weirdness & Mutations

You are small and have problems with some larger weapons.
You are carnivorous and can eat meat at any time.


Message History

You shoot a poisoned needle. Something hits you.
Firing (i - inventory. (,) - cycle):
e - 16 poisoned needles (quivered)
Press: ? - help, Shift-Dir - straight line, f - you Really target yourself?
Okay, then.
You clumsily bash something but do no damage.
Something barely misses you.
You barely miss something.
You hear some strange, mumbled words.
A puff of flame appears from out of thin air!
The puff of flame hits you!
* * * LOW HITPOINT WARNING * * *
Something hits you.
* * * LOW HITPOINT WARNING * * *
Unknown command.
Unknown command.
Okay, then.
You feel agile all of a sudden. Something hits you.
You die...

#......#
..##...(..#####
..g...........#
#.##.##.#.###.# .#
#.##.#.# #.# .#
#......###{###.#
#.##{#.........#
#.##.##.#).##<##..####
≈P.≈♣P.
#......@#..##.#.......
≈P.≈♣.
.....##......(....###
≈≈.≈.# ####
#.##.####<.## .....#
#.##.......# ≈≈...#
#.#######.## PP≈P.#
##.## #.. ≈P≈≈.# #...#
### ≈P≈.##### #...#
PP......# #...# #


There were no monsters in sight!

Vanquished Creatures
  Jessica (D:3)
  3 dart slugs
  3 giant geckos
  2 bats (D:1)
  4 giant cockroaches
  9 goblins
  2 hobgoblins
  3 kobolds
  A quokka (D:2)
  A ball python (D:1)
  2 giant newts
  3 rats
  A plant (D:3)
35 creatures vanquished.

Notes
Turn   | Place    | Note
--------------------------------------------------------------
     0 | D:1      | GlassEater the Kobold Assassin began the quest for the Orb.
     0 | D:1      | Reached XP level 1. HP: 12/12 MP: 1/1
   125 | D:1      | Reached XP level 2. HP: 17/17 MP: 2/2
   221 | D:1      | Reached skill level 6 in Stealth
   274 | D:1      | Reached XP level 3. HP: 19/21 MP: 3/3
   506 | D:2      | Noticed Sigmund
   851 | D:2      | Found an iron altar of Okawaru.
  1005 | D:2      | Found a hide-covered altar of Uskayaw.
  1368 | D:3      | Noticed Jessica
  1606 | D:3      | Killed Jessica
  1606 | D:3      | Reached XP level 4. HP: 12/27 MP: 4/4
  1869 | D:3      | HP: 1/27 [something (3)]
  1871 | D:3      | Slain by Sigmund

Vault maps used:
D:1:      evilmike_arrival_fibonacci_small
D:2:      okawaru_metal_pillars_1_2, old_standard_altar, first_bread,
          minmay_misc_feat_ornament, uniq_sigmund
D:3:      old_standard_altar, serial_bayou_lagoon_b, uniq_jessica,
          uniq_crazy_yiuf_cottage

Skill      XL: |  1  2  3 |
---------------+----------+-----
Stealth        | 6 |  6.9
Short Blades   | 3 |  3.2
Dodging        | 2 |  2.4
Fighting       | |  2.3
Throwing       | |  2.1

Action                   |  1- 3 |  4- 6 || total
-------------------------+-------+-------++-------
Melee: Dagger            |    79 |    43 ||   122
       Blowgun           |       |     2 ||     2
 Fire: Blowgun           |     8 |    10 ||    18
  Use: Scroll            |     5 |       ||     5
       Potion            |     2 |     1 ||     3
 Stab: Sleeping          |     9 |       ||     9
       Distracted        |     1 |       ||     1
  Eat: Chunk             |    10 |     1 ||    11
Armor: Robe              |    19 |     1 ||    20
Dodge: Dodged            |    55 |     9 ||    64
